 Dungeon Crawl Stone Soup version 0.29.0-13-gc9e81de378 (webtiles) character file.

Game seed: 2940762425148806702

116 sanka the Chopper (level 4, -4/39 HPs)
             Began as a Minotaur Berserker on Sept 7, 2022.
             Was a Believer of Trog.
             Succumbed to Sigmund's poison
             ... on level 2 of the Dungeon.
             The game lasted 00:01:52 (1720 turns).

sanka the Chopper (Minotaur Berserker)              Turns: 1720, Time: 00:01:52

Health: -4/39      AC:  6    Str: 21    XL:     4   Next: 70%
Magic:  3/3        EV: 11    Int:  4    God:    Trog [**....]
Gold:   85         SH:  0    Dex: 12    Spells: 3/3 levels left

rFire   . . .      SeeInvis .   a - +0 war axe
rCold   . . .      Faith    .   (no shield)
rNeg    . . .      Spirit   .   g - +0 ring mail
rPois   .          Reflect  .   (helmet restricted)
rElec   .          Harm     .   (no cloak)
rCorr   .          Rampage  .   (no gloves)
Will    .....                   i - +0 pair of boots
Stlth   +.........              (no amulet)
HPRegen 0.13/turn               (no ring)
MPRegen 0.08/turn               (no ring)

@: lethally poisoned (-4 -> -31), on berserk cooldown, slowed, very slow
A: horns 2, retaliatory headbutt
a: Renounce Religion, Berserk, Trog's Hand


You were on level 2 of the Dungeon.
You worshipped Trog.
Trog was pleased with you.
You visited 1 branch of the dungeon, and saw 2 of its levels.

You collected 85 gold pieces.


Innate Abilities, Weirdness & Mutations

You have a pair of horns on your head.
You reflexively headbutt those who attack you in melee.


   Skills:
 - Level 3.6 Fighting
 + Level 6.6 Axes
 - Level 2.4 Armour
 - Level 2.1 Dodging


You had 3 spell levels left.
You didn't know any spells.
Your spell library was empty.

Inventory:

Hand Weapons
 a - a +0 war axe (weapon)
Armour
 g - a +0 ring mail (worn)
 i - a +0 pair of boots (worn)
Scrolls
 c - 2 scrolls of enchant weapon {unknown}
 f - a scroll of noise {unknown}
 j - a scroll of magic mapping {unknown}
Potions
 b - a potion of flight {unknown}
 d - a potion of degeneration {unknown}
 e - a potion of curing {unknown}
 h - a potion of ambrosia {unknown}

Dungeon Overview and Level Annotations

Branches:
Dungeon (2/15)

Altars:

Annotations:
D:2 Sigmund

...... ▒.......▒ ▒ ....▒
▒.......▒▒▒. ▒ [...▒
▒▒▒............... ▒
....▒▒..................
▒
....▒▒................▒
.▒
....▒▒.....£▒▒▒▒......▒▒
......
....▒▒......▒▒▒▒▒......▒
......
................†{.....▒
......
...▒............H......▒
......
.........."............▒
......
.....▒▒▒.....†..........
......
........................
......
+▒......................
......
..................▒▒▒▒▒▒
......
...........▒▒▒▒▒▒▒▒▒▒
....... .......▒▒▒▒▒
....▒▒▒▒▒....▒..
.......▒
................


There were no monsters in sight!


Message History

You feel sick. Sigmund gestures at you while chanting.
You are confused.
You see here the felid corpse of Natasha.
You barely miss Sigmund. You headbutt Sigmund!!
Sigmund is severely wounded.
You feel sick.
Sigmund says, "Your kind have come here before.
I understand now why.
You desire death..."
Sigmund mumbles some strange words.
Sigmund flickers and vanishes!
Deactivating autopickup; reactivate with Ctrl-A.
Something hits you but does no damage.
You are more poisoned.
You bump into the rock wall.
You feel a strong urge to attack something.
You feel very sick.
Unknown command.
You are no longer berserk.
You are exhausted.
You feel yourself slow down.
You feel sick.
You see here the felid corpse of Natasha.
You feel very sick. Something hits you!
* * * LOW HITPOINT WARNING * * *
You are more poisoned.
You hit something.
You feel less confused.
You die...

Action                   |  1- 3 |  4- 6 || total
-------------------------+-------+-------++-------
Melee: Hand axe          |    51 |       ||    51
       Headbutt          |     6 |     3 ||     9
       War axe           |     7 |    29 ||    36
Invok: Berserk           |       |     1 ||     1
Armor: Animal skin       |     7 |       ||     7
       Ring mail         |    18 |    13 ||    31
Dodge: Dodged            |    40 |    11 ||    51

Levels and vault maps discovered:
D:1:      minmay_arrival_four_houses, layout_loops_cross,
          amcnicky_mini_corridor_feature, due_unseen_surprise
D:2:      layout_basic, chequers_serial_rivers_small_a, uniq_crazy_yiuf_cottage,
          uniq_sigmund, uniq_natasha

Notes
Turn   | Place    | Note
-------+----------+-------------------------------------------
     0 | D:1      | sanka the Minotaur Berserker began the quest for the Orb.
     0 | D:1      | Reached XP level 1. HP: 19/19 MP: 0/0
   251 | D:1      | Reached skill level 4 in Axes
   494 | D:1      | Reached XP level 2. HP: 26/26 MP: 1/1
  1059 | D:2      | Reached skill level 5 in Axes
  1074 | D:2      | Reached XP level 3. HP: 30/31 MP: 2/2
  1208 | D:2      | Noticed Natasha
  1214 | D:2      | Killed Natasha
  1462 | D:2      | Reached ** piety under Trog
  1465 | D:2      | Reached skill level 6 in Axes
  1465 | D:2      | Reached XP level 4. HP: 39/39 MP: 3/3
  1704 | D:2      | Noticed Natasha
  1707 | D:2      | Noticed Sigmund
  1713 | D:2      | Killed Natasha
  1720 | D:2      | Succumbed to Sigmund's poison

Vanquished Creatures
  Natasha (twice) (D:2)
  3 adders (D:2)
  2 dart slugs (D:2)
  5 bats
  4 endoplasms
  2 giant cockroaches
  3 goblins
  2 kobolds
  2 quokkas
  6 ball pythons
  2 frilled lizards
  3 rats
36 creatures vanquished.
